 Dungeon Crawl Stone Soup version 0.16-a0-296-gbdb9f68 (webtiles) character file.

2258 Kashira the Cloud Mage (level 9, -10/48 HPs)
             Began as a Tengu Air Elementalist on Aug 29, 2014.
             Was a Follower of Makhleb.
             Mangled by an orc warrior
             ... wielding a +0 war axe
              (22 damage)
             ... on Level 7 of the Dungeon.
             The game lasted 01:00:10 (9834 turns).

Kashira the Cloud Mage (Tengu Air Elementalist)     Turns: 9834, Time: 01:00:10

HP -10/48        AC  2     Str  8      XL: 9   Next: 38%
MP  24/24        EV 16     Int 18      God: Makhleb [*.....]
Gold 119         SH  0     Dex 16      Spells:  3 memorised, 16 levels left

rFire  . . .     SeeInvis .     q - +0 dagger (curse)
rCold  . . .     Clarity  .     a - +0 robe
rNeg   . . .     rCorr    .     (no shield)
rPois  .         rRot     .     C - +0 hat {MR+}
rElec  .         Spirit   .     (no cloak)
SustAb .         Warding  .     (no gloves)
rMut   .         Stasis   .     (boots unavailable)
Gourm  .                        (no amulet)
MR     ++...                    m - +1 ring of evasion
                                e - ring of protection from magic

@: lethally poisoned, about to teleport, very resistant to hostile enchantments,
fairly stealthy
A: able to fly, beak, talons 3
a: Fly, Renounce Religion


You were on level 7 of the Dungeon.
You worshipped Makhleb.
Makhleb was aware of your devotion.
You were not hungry.

You visited 2 branches of the dungeon, and saw 9 of its levels.
You also visited: Sewer.

You collected 364 gold pieces.
You spent 245 gold pieces at shops.

Inventory:

Hand weapons
 q - a cursed +0 dagger (weapon)
 s - a +1 battleaxe of chopping
 E - a +0 flail of holy wrath
 F - a +0 hunting sling
 K - a cursed -2 mace
Missiles
 d - 23 arrows
 v - 5 tomahawks (quivered)
 N - 10 sling bullets of frost
Armour
 a - a +0 robe (worn)
 C - a +0 hat of magic resistance (worn)
Magical devices
 A - a wand of confusion (3)
 M - a wand of cold (2)
 P - a wand of digging (5)
Comestibles
 c - 2 bread rations
 n - a slice of pizza
 t - a meat ration
 Q - a chunk of iguana flesh
 R - 3 fruits
Scrolls
 f - a scroll of magic mapping {unknown}
 g - 2 scrolls of teleportation
 k - a scroll of noise {unknown}
 u - 2 scrolls of fog
 y - 4 scrolls of remove curse {unknown}
 I - a scroll of recharging
 L - a scroll of blinking {unknown}
 O - a scroll of holy word {unknown}
 S - a scroll of identify
Jewellery
 e - a ring of protection from magic (left hand)
 h - an uncursed amulet of faith
 i - an uncursed ring of flight
 j - an uncursed amulet of guardian spirit {unknown}
 m - a +1 ring of evasion (right hand)
 G - an uncursed ring of sustain abilities
 J - a cursed amulet of inaccuracy {unknown}
Potions
 l - a potion of curing
 o - a potion of confusion {unknown}
 p - 3 potions of agility {unknown}
 r - 3 potions of flight
 w - 2 potions of berserk rage
 x - a potion of invisibility
 z - a potion of resistance {unknown}
 B - 2 potions of might
 D - 2 potions of restore abilities
 H - a potion of lignification
Books
 b - a book of Air

   Spells                             Type                      Level
   *Shock                             Conjuration/Air              1
   *Swiftness                         Charms/Air                   2
   *Repel Missiles                    Charms/Air                   2
   Flight                             Charms/Air                   3
   Static Discharge                   Conjuration/Air              3
   Lightning Bolt                     Conjuration/Air              5


   Skills:
 + Level 1.8 Fighting
 + Level 0.4 Short Blades
 + Level 1.6 Throwing
 + Level 4.6 Dodging
 + Level 3.5 Stealth
 + Level 6.5 Spellcasting
 + Level 7.5 Conjurations
 + Level 0.7 Charms
 + Level 8.7 Air Magic
 + Level 1.3 Evocations


You had 16 spell levels left.
You knew the following spells:

 Your Spells              Type           Power        Failure   Level  Hunger
a - Shock                 Conj/Air       ####         1%          1    None
b - Swiftness             Chrm/Air       ###.....     2%          2    None
c - Repel Missiles        Chrm/Air       ###...       2%          2    None


Dungeon Overview and Level Annotations

Branches:
Dungeon (8/15)             Temple (1/1) D:5
   Lair: D:8-11

Altars:
Ashenzari
Cheibriados
Dithmenos
Elyvilon
Fedhas
Gozag
Kikubaaqudgha
Makhleb
Nemelex Xobeh
Qazlal
Sif Muna
Trog
Vehumet
Zin
The Shining One

Shops:
D:2 *   D:4 !

Annotations:
D:6 Sigmund


Innate Abilities, Weirdness & Mutations

You can fly.
You have a beak for a mouth.
You have claws for feet.


Message History

Zapping:
A - a wand of confusion {zapped: 18}
Press: ? - help, Shift-Dir - straight line, f/p - orc warrior
Aim: an orc warrior, wielding a war axe and wearing a chain mail The orc warrior appears confused.
You feel sick.
The orc wizard gestures at you while chanting.
The puff of flame hits you!
* * * LOW HITPOINT WARNING * * *
Evoke which item? (* to show all) (? for menu, Esc to quit)
Zapping:
A - a wand of confusion {zapped: 19}
Press: ? - help, Shift-Dir - straight line, f - orc wizard, p - orc warrior
Aim: an orc wizard, wielding a dagger and wearing a robe (lightly wounded, fast)
The orc wizard resists.
The orc wizard closely misses you. The orc warrior completely misses you.
The orc wizard closely misses you.
Evoke which item? (* to show all) (? for menu, Esc to quit)
Zapping:
A - a wand of confusion {zapped: 20}
Press: ? - help, Shift-Dir - straight line, f/p - orc wizard
Aim: an orc wizard, wielding a dagger and wearing a robe (lightly wounded, fast)
The orc wizard appears confused.
The orc warrior hits you with a war axe!!
You die...

......##...###..............
.......###.###....#########
.............#....#
.......##....#o...#
..#..(............#
..#..##...#......## .
.....##.........o# ?..
.....##.....###.o##......
................@........
....#####...#####........
...<............+....#..
###.####.....####....# #.#
#.....# ....# #.# #.....#
....# #.# ####### ....# #.#
.... #.# #


You could see an orc warrior (confused), an orc wizard (confused) and an orc.

Vanquished Creatures
  Edmund (D:6)
  Menkaure (D:5)
  2 phantoms
  An ice beast (D:5)
  2 sky beasts (D:6)
  A black bear (D:6)
  3 ogres
  2 orc warriors (D:6)
  Blork the orc (D:6)
  A scorpion (D:6)
  A goliath beetle (D:5)
  5 crimson imps
  A hound (D:5)
  A centaur skeleton (D:5)
  An elf skeleton (D:7)
  3 iguanas
  An orc wizard (D:6)
  5 worker ants
  An ogre zombie (D:6)
  7 gnolls
  7 adders
  2 green rats (D:4)
  3 shadow imps
  2 giant mites
  A goliath beetle zombie (D:5)
  4 worms
  An adder zombie (D:5)
  An iguana zombie (D:5)
  8 giant geckos
  5 oozes (Sewer)
  14 orcs
  6 ball pythons
  21 bats
  2 bat skeletons
  13 giant cockroaches
  A gnoll zombie (D:5)
  11 goblins
  5 hobgoblins
  14 jackals
  7 kobolds
  A quokka (D:5)
  5 giant newts
  2 goblin skeletons
  A hobgoblin skeleton (D:6)
  3 orc skeletons
  16 rats
197 creatures vanquished.

Notes
Turn   | Place    | Note
--------------------------------------------------------------
     0 | D:1      | Kashira, the Tengu Air Elementalist, began the quest for the Orb.
     0 | D:1      | Reached XP level 1. HP: 10/10 MP: 3/3
   329 | D:1      | Reached XP level 2. HP: 15/15 MP: 0/5
  1002 | D:2      | Reached XP level 3. HP: 19/19 MP: 0/7
  1049 | D:2      | Found a shattered altar of Ashenzari.
  1053 | D:2      | Found a deep blue altar of Sif Muna.
  1053 | D:2      | Found a sparkling altar of Nemelex Xobeh.
  1056 | D:2      | Found a glowing golden altar of the Shining One.
  1232 | D:2      | Found Gozag's Nutrition Petition.
  1232 | D:2      | Found an opulent altar of Gozag.
  2014 | D:3      | Reached XP level 4. HP: 17/24 MP: 1/9
  2408 | D:3      | Found a blossoming altar of Fedhas.
  2532 | D:3      | Reached skill level 5 in Air Magic
  3254 | D:4      | Learned a level 2 spell: Swiftness
  3257 | D:4      | Learned a level 2 spell: Repel Missiles
  3317 | D:4      | Reached XP level 5. HP: 28/28 MP: 10/12
  3534 | D:4      | Found a glowing drain.
  3541 | Sewer    | Entered a sewer
  4663 | D:4      | Reached XP level 6. HP: 24/33 MP: 5/15
  4833 | D:4      | Found Qugoo's Distillery.
  4845 | D:4      | Bought a potion of heal wounds for 42 gold pieces
  4845 | D:4      | Bought a potion of haste for 98 gold pieces
  4845 | D:4      | Bought a potion of poison for 14 gold pieces
  4845 | D:4      | Bought a potion of lignification for 28 gold pieces
  4845 | D:4      | Bought a potion of curing for 28 gold pieces
  4845 | D:4      | Bought a potion of might for 35 gold pieces
  5218 | D:4      | Noticed an ogre
  5238 | D:4      | Killed an ogre
  5238 | D:4      | Reached skill level 6 in Air Magic
  5492 | D:5      | Entered Level 5 of the Dungeon
  5931 | D:4      | Reached XP level 7. HP: 7/37 MP: 9/18
  6372 | D:5      | Reached skill level 1 in Fighting
  6661 | D:5      | Found a white marble altar of Elyvilon.
  6683 | D:5      | Reached skill level 5 in Conjurations
  7047 | D:5      | Reached skill level 7 in Air Magic
  7047 | D:5      | Reached XP level 8. HP: 30/43 MP: 8/21
  7509 | D:6      | Found a glowing golden altar of the Shining One.
  7569 | D:6      | Noticed Edmund
  7582 | D:6      | Killed Edmund
  7582 | D:6      | Reached skill level 1 in Throwing
  7614 | D:6      | Reached skill level 5 in Spellcasting
  7856 | D:6      | Noticed Sigmund
  7901 | D:6      | Found a shadowy altar of Dithmenos.
  8103 | D:6      | Noticed Menkaure
  8107 | D:6      | Noticed Blork the orc
  8113 | D:5      | Killed Menkaure
  8432 | D:5      | Reached skill level 8 in Air Magic
  8493 | D:5      | Found a staircase to the Ecumenical Temple.
  8531 | Temple   | Entered the Ecumenical Temple
  8591 | Temple   | Became a worshipper of Makhleb the Destroyer
  8756 | D:6      | Reached XP level 9. HP: 17/48 MP: 2/24
  9058 | D:6      | Killed Blork the orc
  9080 | D:6      | Reached skill level 1 in Evocations
  9428 | D:6      | Acquired Makhleb's first power
  9675 | D:7      | Found a stormy altar of Qazlal.
  9834 | D:7      | Mangled by an orc warrior

Action                   |  1- 3 |  4- 6 |  7- 9 || total
-------------------------+-------+-------+-------++-------
Melee: Unarmed           |    13 |       |       ||    13
       Club              |     7 |       |       ||     7
       Dagger            |     9 |    22 |     7 ||    38
Throw: Throwing net      |       |       |     5 ||     5
       Tomahawk          |       |       |    18 ||    18
 Cast: Shock             |    89 |   213 |   302 ||   604
       Swiftness         |       |     2 |     2 ||     4
 Abil: Fly               |       |     2 |       ||     2
Evoke: Wand              |       |     4 |    22 ||    26
  Use: Scroll            |       |     5 |     8 ||    13
       Potion            |       |     4 |     7 ||    11
  Eat: Chunk             |     4 |     7 |     9 ||    20
       Bread ration      |       |     2 |       ||     2
